cohdb
Replays
Latest Replays
All Replays
Popular Replays
Top Player Replays
Match Explorer
How It Works
Community
CoH3 Stats
Reddit
Sign in to upload your games and track your stats! →
Sign in with Steam
Match 45471307
Unlisted
Match 45471307
Overview
Messages
Build Orders
End
Kradschützen Motorcycle Team
Panzerpioneer Squad
250 Light Carrier
Panzerpioneer Squad
Panzerpioneer Squad
Construct Light Support Kompanie
Combat Half-tracks
Construct Mechanized Kompanie
Selects Armored Support Battlegroup
Selects Salvage Kits
250 Light Carrier
Construct Mechanized Kompanie
Assault Mechanized Group
8 Rad Armored Car
Selects Superior Fire Drills
8 Rad Armored Car
Vehicle Survival Package
Tungsten Core Ammunition
Selects Flammpanzer III Medium Tank
8 Rad Armored Car
Panzerpioneer Squad
Panzerjäger Mechanized Group
Marder III Tank Destroyer
Marder III Tank Destroyer
Selects Panzer Storm
Flammpanzer III Medium Tank
Marder III Tank Destroyer
jooooooohn
Polka_Pete
0
0
Comments
sign in to comment!
No comments posted yet!